 Dungeon Crawl Stone Soup version 0.26-a0-611-g354ed81502 (webtiles) character file.

Game seed: 17312533500595728955

288 nemuritori the Covert (level 6, -2/37 HPs)
             Began as a Kobold Brigand on Sept 6, 2020.
             Slain by an orc
             ... wielding a +3 trident of freezing
              (5 damage)
             ... on level 4 of the Dungeon.
             The game lasted 00:19:18 (3481 turns).

nemuritori the Covert (Kobold Brigand)              Turns: 3481, Time: 00:19:19

Health: -2/37      AC:  3    Str:  8    XL:     6   Next: 57%
Magic:  6/6        EV: 15    Int: 13    God:
Gold:   122        SH:  0    Dex: 18    Spells: 5/5 levels left

rFire    . . .     SeeInvis .   a - +2 dagger
rCold    . . .     Faith    .   (shield restricted)
rNeg     . . .     Spirit   .   b - +0 robe
rPois    .         Reflect  .   (no helmet)
rElec    .         Harm     .   c - +0 cloak
rCorr    .                      (no gloves)
MR       .....                  (no boots)
Stlth    ++++++....             (no amulet)
HPRegen  0.12/turn              t - ring of wizardry
MPRegen  0.10/turn              i - ring of stealth

@: no status effects
A: small, nightstalker 3
a: no special abilities


You were on level 4 of the Dungeon.
You visited 1 branch of the dungeon, and saw 4 of its levels.

You collected 122 gold pieces.

Inventory:

Hand Weapons
 a - a +2 dagger (weapon)
Missiles
 d - 20 poisoned darts (quivered)
 e - 2 curare-tipped darts
 j - 23 bolts
 n - 34 arrows
 o - 4 atropa-tipped darts
Armour
 b - a +0 robe (worn)
 c - a +0 cloak (worn)
Jewellery
 i - a ring of stealth (right hand)
 t - a ring of wizardry (left hand)
Wands
 y - a wand of enslavement (6)
Scrolls
 f - 2 scrolls of fog
 m - 2 scrolls of blinking
 q - 6 scrolls of remove curse
 u - a scroll of magic mapping
Potions
 g - 3 potions of ambrosia {unknown}
 h - a potion of mutation {unknown}
 k - 2 potions of haste {unknown}
 l - a potion of invisibility {unknown}
 r - a potion of lignification {unknown}
 s - a potion of stabbing {unknown}
 v - 2 potions of brilliance {unknown}
 z - a potion of heal wounds {unknown}


   Skills:
 + Level 3.0 Fighting
 + Level 4.3 Short Blades
 + Level 2.8 Throwing
 + Level 2.3 Dodging
 * Level 8.5 Stealth


You had 5 spell levels left.
You didn't know any spells.
Your spell library contained the following spells:

 Spells                   Type           Power        Failure   Level
 Confusing Touch          Hex            #.......     34%         3
 Gell's Gravitas          Tloc           #.........   34%         3
 Petrify                  Tmut/Erth      #.......     73%         4
 Metabolic Englaciation   Hex/Ice        #.........   96%         5
 Yara's Violent Unravell  Hex/Tmut       #.........   96%         5


Dungeon Overview and Level Annotations

Branches:
Dungeon (4/15)
 Temple: D:4-7

Altars:
Ashenzari
Gozag
Trog
Vehumet
Wu Jian
Zin

Shops:
D:4 [


Innate Abilities, Weirdness & Mutations

You are small and have problems with some larger weapons.
You are completely attuned to the shadows.


Message History

You resist with some effort.
You closely miss the orc.
The orc is moderately wounded.
You barely miss the orc.
The orc is moderately wounded.
The orc barely misses you.
You hit the orc.
You kill the orc!
You kill the orc wizard!
Your Fighting skill increases to level 3!
The orc closely misses you.
Throwing (i - inventory. (/) - cycle)
d - 21 poisoned darts (quivered)
Press: ? - help, Shift-Dir - straight line, f - orc
Aim: an orc, wielding a +3 trident of freezing and wearing a +0 scale mail (heavily wounded, poisoned)
You throw a poisoned dart. The poisoned dart hits the orc.
The orc looks even sicker.
The orc is heavily wounded.
The orc hits you from afar with a +3 trident of freezing!
* * * LOW HITPOINT WARNING * * *
The orc freezes you.
You die...

...##.# ##)##
....#.# #...#
#<...### ###...#
#......###.....#
#......##..#...#
##........######
##.#.#####...
####....# .#.
#####..o@.### .#
#......)o##.#
..####.####.#
#...(.# #.# #(..(##
.# #....# #.#
######...(# #.####
#.......∩)### #....
#.####......###..#.#


You could see 2 orcs.

Vanquished Creatures
  A big kobold (D:3)
  An orc wizard (D:4)
  4 gnolls (D:2)
  3 adders
  2 oozes
  2 adder zombies (D:2)
  A worm (D:2)
  A dart slug (D:1)
  4 leopard geckos
  10 orcs
  5 giant cockroaches (D:1)
  10 goblins
  9 hobgoblins
  4 jackals (D:1)
  14 kobolds
  2 quokkas
  3 ball pythons
  8 bats
  4 frilled lizards
  A giant cockroach zombie (D:2)
  A leopard gecko zombie (D:2)
  9 rats
99 creatures vanquished.

Vanquished Creatures (others)
  2 withered plants (D:2)
2 creatures vanquished.

Grand Total: 101 creatures vanquished

Notes
Turn   | Place    | Note
-------+----------+-------------------------------------------
     0 | D:1      | nemuritori the Kobold Brigand began the quest for the Orb.
     0 | D:1      | Reached XP level 1. HP: 12/12 MP: 1/1
   371 | D:1      | Reached XP level 2. HP: 17/17 MP: 2/2
   462 | D:1      | Reached skill level 6 in Stealth
   655 | D:1      | Reached XP level 3. HP: 21/21 MP: 3/3
  1156 | D:2      | Reached XP level 4. HP: 26/27 MP: 4/4
  1522 | D:2      | Reached skill level 7 in Stealth
  1534 | D:2      | Reached XP level 5. HP: 22/31 MP: 5/5
  1648 | D:2      | Found an opulent altar of Gozag.
  1649 | D:2      | Found a radiant altar of Vehumet.
  2179 | D:3      | Found an ornate altar of the Wu Jian Council.
  2229 | D:3      | Found a bloodstained altar of Trog.
  2237 | D:3      | Found a shattered altar of Ashenzari.
  2269 | D:3      | Found a glowing silver altar of Zin.
  2982 | D:3      | Noticed a big kobold
  3013 | D:3      | Killed a big kobold
  3013 | D:3      | Reached skill level 8 in Stealth
  3013 | D:3      | Reached XP level 6. HP: 16/36 MP: 6/6
  3420 | D:4      | Found Top Noch's Armour Shoppe.
  3481 | D:4      | Slain by an orc

Illustrated notes

Levels and vault maps discovered:
D:1:      minmay_arrival_up_and_down, layout_rooms
D:2:      layout_basic, chequers_temple_overflow_statue_of_worship,
          serial_undead, serial_undead_e, serial_undead_b, serial_undead_a,
          serial_undead_d
D:3:      cheibrodos_thug_alley, layout_rooms, nicolae_overflow_quartered_altars
D:4:      layout_rooms, serial_shops, shop

Skill      XL: |  1  2  3  4  5  6 |
---------------+-------------------+-----
Stealth        | 6 7 8 |  8.5
Short Blades   | 3 4 |  4.3
Dodging        | 2 |  2.3
Fighting       | 3 |  3.0
Throwing       | |  2.8

Action                   |  1- 3 |  4- 6 || total
-------------------------+-------+-------++-------
Melee: Dagger            |   125 |   212 ||   337
Throw: Dart              |    11 |    17 ||    28
  Use: Scroll            |       |     8 ||     8
 Stab: Sleeping          |     5 |    22 ||    27
       Distracted        |       |     1 ||     1
Armor: Robe              |    37 |    16 ||    53
Dodge: Dodged            |   100 |   118 ||   218

Table legend: (Time is in decaauts)
 A = Elapsed time spent in this place.
 B = Non-inter-level travel time spent in this place.
 C = Inter-level travel time spent in this place.
 D = Time resting spent in this place.
 E = Time spent auto-exploring this place.
 F = Levels seen in this place.
 G = Mean time per level.
                   A        B        C        D        E       F      G
               +--------+--------+--------+--------+--------+-----+--------+
         Total |   3419 |   3419 |      0 |   1143 |      0 |   4 |  854.8 |
       Dungeon |   3419 |   3419 |      0 |   1143 |      0 |   4 |  854.8 |
               +--------+--------+--------+--------+--------+-----+--------+

Top non-repeatable levels by time:
     D:3: 1201 daAuts
     D:1: 1092 daAuts
     D:2: 1005 daAuts
     D:4: 119 daAuts
